 Dungeon Crawl Stone Soup version 0.17-a0-2098-gf59d6bc (webtiles) character file.

86 Ohli the Covered (level 4, -9/35 HPs)
             Began as a Demonspawn Fighter on Oct 17, 2015.
             Killed by divine providence
             ... invoked by an orc priest
              (11 damage)
             ... on level 3 of the Dungeon.
             The game lasted 00:06:58 (2142 turns).

Ohli the Covered (Demonspawn Fighter)               Turns: 2142, Time: 00:06:58

Health: -9/35      AC:  6    Str: 17    XL:     4   Next: 26%
Magic:  4/4        EV:  9    Int:  9    God:
Gold:   102        SH:  9    Dex: 13    Spells: 0 memorised, 3 levels left

rFire  . . .     SeeInvis .     a - +0 war axe
rCold  . . .     Clarity  .     p - +0 leather armour (curse)
rNeg   . . .     SustAt   .     c - +0 shield
rPois  .         Gourm    .     (no helmet)
rElec  .         Spirit   .     (no cloak)
rCorr  .         Warding  .     s - +0 pair of gloves
rMut   .         Stasis   .     (no boots)
MR     +....                    (no amulet)
Stlth  +.........               f - ring of protection from magic
                                k - ring of wizardry

@: somewhat resistant to hostile enchantments, very unstealthy
A: yellow scales 1, demonic guardian 1
a: no special abilities


You were on level 3 of the Dungeon.
You were very hungry.

You visited 1 branch of the dungeon, and saw 3 of its levels.

You collected 102 gold pieces.

Inventory:

Hand Weapons
 a - a +0 war axe (weapon)
Armour
 b - a +0 scale mail
 c - a +0 shield (worn)
 p - a cursed +0 leather armour (worn)
 s - a +0 pair of gloves (worn)
Jewellery
 f - a ring of protection from magic (right hand)
 k - a ring of wizardry (left hand)
Scrolls
 h - a scroll of identify {unknown}
 j - a scroll of magic mapping {unknown}
 l - 4 scrolls of teleportation {unknown}
 o - a scroll of recharging {unknown}
Potions
 d - 2 potions of might
 g - a potion of brilliance {unknown}
 i - a potion of mutation {unknown}
 q - a potion of agility {unknown}
 r - a potion of curing {unknown}
Comestibles
 e - 2 bread rations
 n - a meat ration


   Skills:
 + Level 3.4 Fighting
 + Level 1.9 Axes
 + Level 3.4 Armour
 + Level 1.3 Dodging
 + Level 3.3 Shields


You had 3 spell levels left.
You didn't know any spells.

Dungeon Overview and Level Annotations

Branches:
Dungeon (3/15)

Altars:
Elyvilon
Xom
Yredelemnul


Innate Abilities, Weirdness & Mutations

You are partially covered in yellow scales (AC +2).
A weak demonic guardian rushes to your aid.


Message History

The orc priest mumbles some strange prayers to Beogh against you.
Something smites you!
The orc wizard gestures wildly while chanting.
The orc wizard blinks!
A bat comes into view.
The bat moves out of view.
The orc throws a tomahawk.
The tomahawk hits you but does no damage.
Your ufetubus barely misses the orc wizard.
Your ufetubus hits the orc wizard.
You see here a tomahawk.
Something misses your ufetubus.
Your ufetubus barely misses the orc priest.
Your ufetubus closely misses the orc priest.
The bat closely misses you.
The orc priest invokes the aid of Beogh against you.
Something smites you!
* * * LOW HITPOINT WARNING * * *
The orc priest mumbles some strange prayers to Beogh against you.
Something smites you!
You die...

#....###
#.#..<. ###
#.####
#.##### #...
#.# #..
#....##)# ###
#.......#
#....##.##
#... #..####
##..###.....#
##..@..###..#
####b.# .#
#o.# <.
#5.ยง..# #
oo.ol....
.?....o.##
.........#
.....w......
#..........#.


You could see a worm, 2 orc priests, 2 orcs, a bat, a giant newt and a friendly
ufetubus.

Vanquished Creatures
  2 adders (D:2)
  An ooze (D:2)
  2 worms
  3 giant geckos
  An orc (D:3)
  4 bats
  4 giant cockroaches
  9 hobgoblins
  8 jackals
  A quokka (D:2)
  2 ball pythons (D:2)
  A giant newt (D:2)
  6 goblins
  4 kobolds
  3 rats
  A spectral orc (D:2)
52 creatures vanquished.

Notes
Turn   | Place    | Note
--------------------------------------------------------------
     0 | D:1      | Ohli the Demonspawn Fighter began the quest for the Orb.
     0 | D:1      | Reached XP level 1. HP: 18/18 MP: 1/1
   361 | D:1      | Gained mutation: You are partially covered in yellow scales (AC +2). [demonic ancestry]
   361 | D:1      | Reached XP level 2. HP: 24/24 MP: 2/2
  1134 | D:2      | Found a shimmering altar of Xom.
  1137 | D:2      | Gained mutation: A weak demonic guardian rushes to your aid. [demonic ancestry]
  1137 | D:2      | Reached XP level 3. HP: 29/29 MP: 3/3
  1245 | D:2      | Reached skill level 1 in Dodging
  1654 | D:2      | Reached XP level 4. HP: 31/35 MP: 4/4
  1850 | D:2      | Found a basalt altar of Yredelemnul.
  2035 | D:2      | Found a white marble altar of Elyvilon.
  2142 | D:3      | Killed from afar by an orc priest

Vault maps used:
D:1:      dpeg_arrival_simpleton_a
D:2:      lemuel_crystal_altar, lemuel_crystal_altar,
          yredelemnul_forgotten_temple_becter

Action                   |  1- 3 |  4- 6 || total
-------------------------+-------+-------++-------
Melee: War axe           |   165 |    43 ||   208
  Eat: Chunk             |     2 |     1 ||     3
